 Dungeon Crawl Stone Soup version 0.30-a0-29-g142975f185 (webtiles) character file.

Game seed: 13190057563749377352

7 greenreed the Vexing (level 2, 0/23 HPs)
             Began as a Gnoll Arcane Marksman on Aug 26, 2022.
             Slain by a bullfrog (2 damage)
             ... on level 7 of the Dungeon.
             The game lasted 00:01:41 (390 turns).

greenreed the Vexing (Gnoll Arcane Marksman)         Turns: 390, Time: 00:01:41

Health: 0/23       AC:  2    Str:  9    XL:     2   Next: 4%
Magic:  3/5        EV: 13    Int: 12    God:
Gold:   5          SH:  0    Dex: 12    Spells: 5/6 levels left

rFire   . . .      SeeInvis .    a - +1 sling
rCold   . . .      Faith    .    (no shield)
rNeg    . . .      Spirit   .    c - +0 robe
rPois   .          Reflect  .    (no helmet)
rElec   .          Harm     .    (no cloak)
rCorr   .          Rampage  .    (no gloves)
Will    .....                    (no boots)
Stlth   +.........               (no amulet)
HPRegen 0.07/turn                (no ring)
MPRegen 0.09/turn                (no ring)

@: no status effects
A: fangs 1, strong nose, distributed training
a: no special abilities


You were on level 7 of the Dungeon.
You visited 1 branch of the dungeon, and saw 7 of its levels.

You collected 5 gold pieces.

Inventory:

Hand Weapons
 a - a +1 sling (weapon)
Armour
 c - a +0 robe (worn)
Jewellery
 e - a ring of ice
Scrolls
 b - a scroll of poison
 d - a scroll of identify {unknown}
Potions
 f - 2 potions of heal wounds {unknown}
 g - 2 potions of lignification {unknown}


   Skills:
 + Level 2.4 Fighting
 + Level 0.2 Short Blades
 + Level 0.2 Long Blades
 + Level 0.2 Axes
 + Level 0.2 Maces & Flails
 + Level 0.2 Polearms
 + Level 0.2 Staves
 + Level 4.4 Ranged Weapons
 + Level 0.2 Throwing
 + Level 0.2 Armour
 + Level 4.4 Dodging
 + Level 0.2 Stealth
 + Level 0.2 Shields
 + Level 0.2 Unarmed Combat
 + Level 2.6 Spellcasting
 + Level 0.1 Conjurations
 + Level 5.3 Hexes
 + Level 0.1 Summonings
 + Level 0.1 Necromancy
 + Level 0.1 Translocations
 + Level 0.1 Transmutations
 + Level 0.1 Fire Magic
 + Level 0.1 Ice Magic
 + Level 0.1 Air Magic
 + Level 0.1 Earth Magic
 + Level 0.1 Poison Magic
 + Level 0.3 Invocations
 + Level 0.2 Evocations


You had 5 spell levels left.
You knew the following spells:

 Your Spells              Type           Power      Damage    Failure   Level
a - Slow                  Hex            56%        N/A       2%          1

Your spell library contained the following spells:

 Spells                   Type           Power      Damage    Failure   Level
 Inner Flame              Hex/Fire       8%         N/A       24%         3
 Portal Projectile        Hex/Tloc       16%        N/A       24%         3
 Cause Fear               Hex            7%         N/A       28%         4


Dungeon Overview and Level Annotations

Branches:
Dungeon (7/15)
 Temple: D:4-7

Altars:

Annotations:
D:6 Pikel


Innate Abilities, Weirdness & Mutations

You have very sharp teeth.
Your uncanny sense of smell can sniff out nearby items.
Your experience applies equally to all skills.


Message History

The gnoll shouts! x2
The bullfrog completely misses you.
There is a stone staircase leading down here.
You can't go up here!
The bullfrog hits you.
You climb downwards.
There is a stone staircase leading up here.
You are too injured to fight recklessly!
Casting: Slow (safe; 2% risk of failure)
Confirm with . or Enter, or press ? or * to list all spells.
Aiming: Slow (safe; 2% risk of failure)
Press: ? - help, Shift-Dir - straight line, f - bullfrog
Aim: a bullfrog (chance to affect: 53%)
The bullfrog resists with significant effort.
The bullfrog hits you.
* * * LOW HITPOINT WARNING * * *
The bullfrog hits you.
* * * LOW HITPOINT WARNING * * *
Casting: Slow (safe; 2% risk of failure)
Confirm with . or Enter, or press ? or * to list all spells.
Aiming: Slow (safe; 2% risk of failure)
Press: ? - help, Shift-Dir - straight line, f/p - bullfrog
Aim: a bullfrog (chance to affect: 53%)
The bullfrog seems to slow down.
The bullfrog barely misses you. The bullfrog attacks as you move away!
The bullfrog closely misses you. The bullfrog attacks as you move away!
The bullfrog closely misses you. The bullfrog attacks as you move away!
The bullfrog misses you. The bullfrog attacks as you move away!
The bullfrog closely misses you. What are your orders? t - Bark!
Orders for allies: a - Attack new target. p - Attack previous target. r - Retreat! s - Stop attacking. g - Guard the area. f - Follow me.
Anything else - Cancel.
Okay, then.
The bullfrog attacks as you move away!
The bullfrog hits you but does no damage.
The bullfrog attacks as you move away! The bullfrog misses you.
The bullfrog attacks as you move away! The bullfrog hits you.
You die...

∆∆
#.#######
#....@F.#
#######.###
..#...#
#.###.# #<#
#.# #.###.#
#.....#
#######


You could see a bullfrog (slow).

Vanquished Creatures
  An orc (D:5)
  An endoplasm (D:3)
  2 goblins (D:1)
  A hobgoblin (D:3)
5 creatures vanquished.

Notes
Turn   | Place    | Note
-------+----------+-------------------------------------------
     0 | D:1      | greenreed the Gnoll Arcane Marksman began the quest for the
                  | Orb.
     0 | D:1      | Reached XP level 1. HP: 17/17 MP: 4/4
   181 | D:4      | Noticed an orc priest
   212 | D:5      | Entered Level 5 of the Dungeon
   271 | D:5      | Reached XP level 2. HP: 17/23 MP: 5/5
   356 | D:6      | Noticed Pikel
   356 | D:6      | Noticed a bullfrog
   359 | D:6      | Noticed a lemure
   359 | D:6      | Noticed a lemure
   367 | D:6      | Noticed a necrophage
   377 | D:7      | HP: 1/23 [bullfrog (1)]
   390 | D:7      | Slain by a bullfrog

Illustrated notes

Levels and vault maps discovered:
D:1:      dpeg_arrival_ternary, layout_basic, amcnicky_mini_rare_corridor_liquid
D:2:      layout_loops_ring, minmay_statues_item, ebering_dispersal_statue_hall,
          corner_web_ring, minmay_heptomino_w4
D:3:      layout_rooms
D:4:      layout_cave_pools, lemuel_round_altar, serial_shops,
          kennysheep_little_box, kennysheep_generic_room_2
D:5:      layout_gridville, mainiacjoe_overflow_catwalk, led_sif_book
D:6:      layout_basic, jmf_multi_god_temple2, minmay_temple_entry_nine_rooms,
          uniq_pikel, uniq_eustachio, uniq_sigmund
D:7:      layout_basic, cheibriados_altar_1, uniq_maggie

Action                   || total
-------------------------++-------
 Fire: Sling             ||    17
 Cast: Slow              ||     3
Armor: Robe              ||     2
Dodge: Dodged            ||    21

Table legend: (Time is in decaauts)
 A = Elapsed time spent in this place.
 B = Non-inter-level travel time spent in this place.
 C = Inter-level travel time spent in this place.
 D = Time resting spent in this place.
 E = Time spent auto-exploring this place.
 F = Levels seen in this place.
 G = Mean time per level.
                   A        B        C        D        E       F      G
               +--------+--------+--------+--------+--------+-----+--------+
         Total |    392 |    363 |     29 |     84 |    141 |   7 |   56.0 |
       Dungeon |    392 |    363 |     29 |     84 |    141 |   7 |   56.0 |
               +--------+--------+--------+--------+--------+-----+--------+

Top non-repeatable levels by time:
     D:5: 141 daAuts
     D:1: 138 daAuts
     D:3: 36 daAuts
     D:4: 31 daAuts
     D:6: 24 daAuts
     D:7: 13 daAuts
     D:2: 6 daAuts
